 Dungeon Crawl Stone Soup version 0.30.0-2-g1aa4bd4387 (webtiles) character file.

Game seed: 8779978758743185885

1045 Jarnaxa the Slasher (level 8, 0/70 HPs)
             Began as a Minotaur Fighter on May 7, 2023.
             Was a Priest of Cheibriados.
             Slain by an acid dragon (7 damage)
             ... on level 5 of the Dungeon.
             The game lasted 00:06:51 (3334 turns).

Jarnaxa the Slasher (Minotaur Fighter)              Turns: 3334, Time: 00:06:53

Health: 0/70       AC:  3    Str: 30    XL:     8   Next: 4%
Magic:  8/8        EV: 16    Int: 12    God:    Cheibriados [***...]
Gold:   242        SH:  0    Dex: 17    Spells: 7/7 levels left

rFire   . . .        a - +1 long sword
rCold   . . .        c - +0 buckler
rNeg    . . .        b - +0 scale mail
rPois   .            (helmet restricted)
rElec   .            (no cloak)
rCorr   +            (no gloves)
SInv    .            (no boots)
Will    .....        (no amulet) Stlth
                     u - +5 ring of evasion
HPRegen 0.31/turn    i - ring of resist corrosion
MPRegen 0.11/turn

%: no passive effects
@: confused, ambrosia-drunk, corroded, very slow
A: horns 2, retaliatory headbutt
a: Renounce Religion, Bend Time, Temporal Distortion


You were on level 5 of the Dungeon.
You worshipped Cheibriados.
Cheibriados was most pleased with you.
You visited 1 branch of the dungeon, and saw 5 of its levels.
You also visited: Ossuary.

You collected 242 gold pieces.

Inventory:

Hand Weapons
 a - a +1 long sword (weapon)
Armour
 b - a +0 scale mail (worn)
 c - a +0 buckler (worn)
Jewellery
 i - a ring of resist corrosion (right hand)
 t - a ring of wizardry
 u - a +5 ring of evasion (left hand)
Wands
 v - a wand of flame (12)
 w - a wand of quicksilver (8)
Scrolls
 f - 2 scrolls of vulnerability {unknown}
 g - a scroll of immolation
 h - 2 scrolls of teleportation
 k - a scroll of identify
 n - a scroll of fear
 r - a scroll of summoning {unknown}
Potions
 d - a potion of might
 e - 3 potions of curing
 j - 2 potions of invisibility {unknown}
 l - 2 potions of ambrosia
 m - 5 potions of degeneration
 o - 2 potions of heal wounds {unknown}
 p - 2 potions of haste {unknown}
 q - a potion of resistance
 s - 2 potions of mutation {unknown}


   Skills:
 + Level 5.7 Fighting
 + Level 7.7 Long Blades
 + Level 5.9 Armour
 + Level 3.0 Dodging
 + Level 0.2 Stealth
 + Level 4.7 Shields
 * Level 1.6 Invocations


You had 7 spell levels left.
You didn't know any spells.
Your spell library contained the following spells:

 Spells                   Type           Power      Damage    Failure   Level
 Summon Small Mammal      Summ           0%         N/A       58%         1
 Cigotuvi's Dreadful Rot  Necr/Pois/Air  0%         N/A       75%         2
 Ensorcelled Hibernation  Hex/Ice        0%         N/A       75%         2
 Passwall                 Tmut/Erth      0%         N/A       75%         2
 Call Canine Familiar     Summ           0%         N/A       92%         3
 Summon Guardian Golem    Hex/Summ       0%         N/A       92%         3
 Swiftness                Air            0%         N/A       92%         3
 Dispel Undead            Necr           0%         3d6       100%        4
 Death Channel            Necr           0%         N/A       100%        6


Dungeon Overview and Level Annotations

Branches:
Dungeon (5/15)            Ossuary (visited)
 Temple: D:4-7

Altars:
Ashenzari
Cheibriados


Innate Abilities, Weirdness & Mutations

You have a pair of horns on your head.
You reflexively headbutt those who attack you in melee.


Message History

Found 3 large rocks.
Found a blackened iron wand.
w - a wand of quicksilver (8)
An acid dragon comes into view.
Found a broken altar of Ashenzari.
The acid dragon roars!
The acid dragon spits acid at you. The splash of acid hits you! You resist.
The acid corrodes you!
Found a stone staircase leading down.
The acid dragon misses you. The acid dragon claws you.
You hit the acid dragon but do no damage.
The acid dragon bites you.
The acid dragon claws you but does no damage.
You slash the acid dragon!
The acid dragon is moderately wounded.
The acid dragon bites you! The acid dragon closely misses you.
You hit the acid dragon but do no damage.
You headbutt the acid dragon, but do no damage.
The acid dragon is moderately wounded.
The acid dragon barely misses you. x2
You hit the acid dragon.
The acid dragon is moderately wounded.
The acid dragon bites you but does no damage.
The acid dragon claws you.
You hit the acid dragon. Your headbutt misses the acid dragon.
The acid dragon is heavily wounded.
The acid dragon bites you! The acid dragon claws you.
You slash the acid dragon!
The acid dragon is almost dead.
The acid dragon bites you!
* * * LOW HITPOINT WARNING * * *
The acid dragon closely misses you.
You hit the acid dragon but do no damage.
The acid dragon is almost dead.
The acid dragon spits acid at you. The splash of acid hits you! You resist.
* * * LOW HITPOINT WARNING * * *
You are confused.
You feel invigorated. The acid dragon bites you!
You die...

.. #.####..# ...
#.##....# ># ...
#..#....##.# #
#.. ##.#.....#.#
.. #.#...#...#.##
#............#
###...........
.###......#.###.#
...(....#@.......
###.....#.D.....#
....#...#........
#########........
#......_.
#........
#.....PPP
###......


You could see an acid dragon (catching breath).

Vanquished Creatures
  Sigmund (D:3)
  An ogre (D:4)
  A phantom (D:4)
  7 water moccasin zombies (Ossuary)
  A jelly (D:4)
  A gnoll bouda (D:4)
  Jessica (D:3)
  Ijyb (D:5)
  An orc wizard (D:3)
  2 mummies (Ossuary)
  Robin (D:3)
  4 adders
  3 gnolls (D:4)
  An ufetubus (D:4)
  2 adder zombies (Ossuary)
  A worm (D:2)
  A dart slug (D:4)
  14 orcs
  9 ball pythons
  An endoplasm (D:4)
  2 giant cockroaches
  2 gnoll zombies (Ossuary)
  18 goblins
  4 hobgoblins
  3 kobolds
  3 quokkas
  4 bats
  3 frilled lizards
  5 hobgoblin zombies (Ossuary)
  5 kobold zombies (Ossuary)
  5 orc zombies (Ossuary)
  4 rats
112 creatures vanquished.

Notes
Turn   | Place    | Note
-------+----------+-------------------------------------------
     0 | D:1      | Jarnaxa the Minotaur Fighter began the quest for the Orb.
     0 | D:1      | Reached XP level 1. HP: 19/19 MP: 0/0
   532 | D:2      | Reached XP level 2. HP: 27/27 MP: 1/1
   937 | D:2      | Reached XP level 3. HP: 33/33 MP: 2/2
  1314 | D:3      | Noticed Robin
  1346 | D:3      | Killed Robin
  1347 | D:3      | Reached skill level 3 in Long Blades
  1434 | D:3      | Reached skill level 1 in Dodging
  1434 | D:3      | Reached XP level 4. HP: 27/40 MP: 3/3
  1491 | D:3      | Found a faded altar of an unknown god.
  1523 | D:3      | Prayed at the altar of an unknown god.
  1523 | D:3      | Became a worshipper of Cheibriados the Contemplative
  1523 | D:3      | Reached * piety under Cheibriados
  1614 | D:3      | Noticed Sigmund
  1627 | D:3      | Killed Sigmund
  1628 | D:3      | Reached skill level 4 in Long Blades
  1628 | D:3      | Reached XP level 5. HP: 31/47 MP: 4/4
  1788 | D:3      | Noticed Jessica
  1792 | D:3      | Killed Jessica
  1793 | D:3      | Reached skill level 5 in Fighting
  1793 | D:3      | Reached XP level 6. HP: 44/56 MP: 5/5
  1928 | D:4      | Found a sand-covered staircase.
  1938 | Ossuary  | Entered an ossuary
  1964 | Ossuary  | Reached skill level 5 in Armour
  1964 | Ossuary  | Reached ** piety under Cheibriados
  2011 | Ossuary  | Reached skill level 5 in Long Blades
  2051 | Ossuary  | Reached XP level 7. HP: 38/61 MP: 6/6
  2142 | Ossuary  | Reached skill level 6 in Long Blades
  2488 | D:4      | Reached *** piety under Cheibriados
  2520 | D:4      | Reached skill level 7 in Long Blades
  2547 | D:4      | Reached skill level 1 in Invocations
  2949 | D:4      | Reached XP level 8. HP: 70/70 MP: 8/8
  3210 | D:5      | Entered Level 5 of the Dungeon
  3229 | D:5      | Identified the +0 leather armour of the Lost Path {rN+
                  | Dex+4}
  3296 | D:5      | Noticed Ijyb
  3305 | D:5      | Killed Ijyb
  3323 | D:5      | Found a broken altar of Ashenzari.
  3333 | D:5      | HP: 3/70 [acid dragon/splash of acid (17)]
  3334 | D:5      | Slain by an acid dragon

Illustrated notes

Levels and vault maps discovered:
D:1:      heliophobic_arrival_henge, layout_basic
D:2:      layout_loops_ring, chequers_serial_rivers_small_3
D:3:      layout_rooms, ebering_ecumenical_altar_mist, uniq_robin, uniq_sigmund,
          uniq_jessica
D:4:      layout_loops_ring, lightli_ossuary_entry_decrepit_ruins
D:5:      layout_rooms, mainiacjoe_overflow_chevrons, portal_sewer_entry_b,
          uniq_ijyb

Skill      XL: |  1  2  3  4  5  6  7 |
---------------+----------------------+-----
Fighting       | 4 5 |  5.7
Armour         | 4 5 |  5.9
Shields        | 4 |  4.7
Long Blades    | 3 4 5 7 |  7.7
Dodging        | 1 2 3 |  3.0
Invocations    | 1 |  1.6
Stealth        | |  0.2

Action                     |  1- 3 |  4- 6 |  7- 9 || total
---------------------------+-------+-------+-------++-------
  Melee: Long sword        |    88 |    93 |   137 ||   318
         Headbutt          |    13 |    15 |    32 ||    60
    Use: Scroll            |       |       |    10 ||    10
         Potion            |       |       |     1 ||     1
 Armour: Scale mail        |    43 |    60 |    37 ||   140
  Dodge: Dodged            |    39 |    58 |    57 ||   154
  Block: Buckler           |    18 |    16 |    34 ||    68
